 Dungeon Crawl Stone Soup version 0.18-a0-990-g74cdb39 (webtiles) character file.

109 M4edhros the Sneak (level 4, 0/28 HPs)
             Began as an Octopode Artificer on Jan 4, 2016.
             Slain by a jackal (3 damage)
             ... on level 4 of the Dungeon.
             The game lasted 00:01:59 (1835 turns).

M4edhros the Sneak (Octopode Artificer)             Turns: 1835, Time: 00:02:00

Health: 0/28       AC:  1    Str: 10    XL:     4   Next: 89%
Magic:  6/6        EV: 12    Int: 15    God:
Gold:   110        SH:  3    Dex: 12    Spells: 0 memorised, 3 levels left

rFire  . . .     SeeInvis .     a - +0 short sword
rCold  . . .     Gourm    .     r - +0 buckler
rNeg   . . .     Faith    .     (helmet restricted)
rPois  .         Spirit   .     (no amulet)
rElec  .         Dismiss  .     (no ring)
rCorr  .         Reflect  .     (no ring)
SustAt .         Harm     .     (no ring)
MR     .....                    (no ring)
Stlth  ++++......               (no ring)
                                (no ring)
                                (no ring)
                                (no ring)

@: not resistant to hostile enchantments, stealthy
A: almost no armour, amphibious, 8 rings, constrict 8, camouflage 1, gelatinous
body 1
a: no special abilities


You were on level 4 of the Dungeon.
You were not hungry.

You visited 1 branch of the dungeon, and saw 4 of its levels.

You collected 110 gold pieces.

Inventory:

Hand Weapons
 a - a +0 short sword (weapon)
Missiles
 j - 84 stones (quivered)
 m - 21 sling bullets
Armour
 r - a +0 buckler (worn)
Wands
 b - a wand of flame (13/48)
 c - a wand of enslavement (12/24)
 d - a wand of random effects (15/48)
Scrolls
 e - a scroll of teleportation {unknown}
 k - a scroll of random uselessness {unknown}
 n - 2 scrolls of magic mapping {unknown}
 o - 3 scrolls of identify {unknown}
 p - 2 scrolls of remove curse {unknown}
 s - a scroll of immolation {unknown}
 t - a scroll of noise {unknown}
 w - a scroll of amnesia {unknown}
Potions
 h - 2 potions of flight
 i - a potion of brilliance {unknown}
 l - a potion of curing
 u - 2 potions of degeneration {unknown}
 v - 2 potions of heal wounds {unknown}
Comestibles
 f - 3 bread rations
 g - 2 slices of pizza
 q - 2 beef jerkies


   Skills:
 - Level 1.0 Fighting
 - Level 1.0 Short Blades
 * Level 3.1 Dodging
 * Level 4.1 Stealth
 * Level 1.2 Shields
 + Level 3.9 Evocations


You had 3 spell levels left.
You didn't know any spells.

Dungeon Overview and Level Annotations

Branches:
Dungeon (4/15)
 Temple: D:4-7

Altars:
Qazlal


Innate Abilities, Weirdness & Mutations

You cannot wear most types of armour.
You are amphibious.
You can wear up to eight rings at the same time.
You can use your tentacles to constrict eight enemies at once.
Your skin changes colour to match your surroundings (Stealth).
Your rubbery body absorbs attacks (AC +1).


Message History

* * * LOW HITPOINT WARNING * * *
The jackal closely misses you. The jackal bites you.
* * * LOW HITPOINT WARNING * * *
You are too injured to fight recklessly!
You are too injured to fight recklessly!
You are too injured to fight recklessly!
You are too injured to fight recklessly!
You hit the jackal. Your grab misses the jackal.
The jackal is moderately wounded.
The jackal barely misses you. The jackal bites you.
* * * LOW HITPOINT WARNING * * *
The jackal bites you.
* * * LOW HITPOINT WARNING * * *
Evoke which item? (* to show all) (? for menu, Esc to quit)
Zapping:
c - a wand of enslavement (13/24)
Press: ? - help, Shift-Dir - straight line, f - jackal
Aim: a jackal (moderately wounded, chance to defeat MR: 85%)
The jackal struggles to resist.
This wand has 12 charges left.
You block the jackal's attack. The jackal bites you.
You die...

#...#####.........#......
........#................
<........^.###...........
........##.# #.#..#.....
#...######.###.#..#.....
#...# #........#.....
#...# ##............#
#...# ##.....#####.# ##.#
....###@# ###. #hh..# #
#.##.# ..# .. #.. ..# ###
##


You could see 2 jackals.

Vanquished Creatures
  2 iguanas (D:4)
  An adder (D:4)
  An ooze (D:3)
  A worm (D:3)
  A giant gecko (D:1)
  7 orcs (D:3)
  2 bats
  3 giant cockroaches
  3 goblins
  3 hobgoblins
  6 jackals
  A giant newt (D:2)
  2 kobolds (D:2)
  3 rats
36 creatures vanquished.

Vanquished Creatures (collateral kills)
  A worker ant (D:4)
  A giant newt (D:4)
2 creatures vanquished.

Grand Total: 38 creatures vanquished

Notes
Turn   | Place    | Note
--------------------------------------------------------------
     0 | D:1      | M4edhros the Octopode Artificer began the quest for the Orb.
     0 | D:1      | Reached XP level 1. HP: 13/13 MP: 3/3
    81 | D:1      | Reached XP level 2. HP: 8/18 MP: 4/4
   444 | D:2      | Noticed an air elemental
   446 | D:2      | Found a stormy altar of Qazlal.
   449 | D:2      | Noticed an earth elemental
   449 | D:2      | Noticed a fire elemental
   449 | D:2      | Noticed a water elemental
   657 | D:3      | Reached XP level 3. HP: 16/23 MP: 5/5
  1192 | D:4      | Reached XP level 4. HP: 7/28 MP: 6/6
  1609 | D:4      | HP: 1/28 [poisoned by a worker ant]
  1622 | D:4      | Reached skill level 1 in Shields
  1672 | D:4      | Reached skill level 4 in Stealth
  1835 | D:4      | Slain by a jackal

Vault maps used:
D:1:      onia_arrival_larder
D:2:      nicolae_qazlal_style_of_elements
D:3:      serial_corexii_hall, corexii_hall_statues_s, corexii_hall_statues_x,
          first_bread
D:4:      serial_forest, infiniplex_forest_lined_ring, infiniplex_forest_pool,
          infiniplex_forest_lined_3, infiniplex_forest_straight_4,
          infiniplex_forest_fountain, infiniplex_forest_straight_2,
          infiniplex_forest_lined_3_way, infiniplex_forest_join,
          grunt_dithmenos_shadows

Action                   |  1- 3 |  4- 6 || total
-------------------------+-------+-------++-------
Melee: Short sword       |    71 |    20 ||    91
Evoke: Wand              |       |     5 ||     5
  Use: Potion            |       |     2 ||     2
 Stab: Sleeping          |    10 |     1 ||    11
       Distracted        |       |     1 ||     1
  Eat: Meat ration       |       |     1 ||     1
